 Dungeon Crawl Stone Soup version 0.26-a0-662-g8b9c6dab81 (webtiles) character file.

Game seed: 3565682372719310733

63732 robertstho the Thaumaturge (level 15, -22/115 HPs)
             Began as a Gnoll Summoner on Oct 8, 2020.
             Was a High Priest of Sif Muna.
             Blown up by an orb spider (47 damage)
             ... with an orb of destruction
             ... on level 3 of the Spider Nest on Oct 9, 2020.
             The game lasted 01:42:25 (33272 turns).

robertstho the Thaumaturge (Gnoll Summoner)        Turns: 33272, Time: 01:42:26

Health: -22/115    AC: 14    Str: 17    XL:     15   Next: 10%
Magic:  33/38      EV: 19    Int: 22    God:    Sif Muna [*****.]
Gold:   2152       SH:  5    Dex: 17    Spells: 9/35 levels left

rFire    + + +     SeeInvis +   O - +7 scythe "Cadghity" {freeze, rElec rF++ rC- MP+9}
rCold    . . .     Faith    .   (shield currently unavailable)
rNeg     . . .     Spirit   .   e - +0 troll leather armour
rPois    +         Reflect  +   Z - +2 helmet {SInv}
rElec    +         Harm     .   K - scarf {rC+ rF+}
rCorr    .         Rampage  .   z - +0 pair of gloves
MR       +....                  D - +2 pair of boots
Stlth    +++++.....             a - amulet of reflection
HPRegen  0.69/turn              J - ring of poison resistance
MPRegen  0.26/turn              A - +6 ring of strength

@: no status effects
A: distributed training, fangs 1, strong nose
a: Channel Magic, Forget Spell, Divine Exegesis, Renounce Religion


You were on level 3 of the Spider Nest.
You worshipped Sif Muna.
Sif Muna was extremely pleased with you.
You visited 5 branches of the dungeon, and saw 27 of its levels.

You collected 3237 gold pieces.
You spent 1085 gold pieces at shops.

Inventory:

Hand Weapons
 c - a +3 scimitar of flaming
 O - the +7 scythe "Cadghity" (weapon) {freeze, rElec rF++ rC- MP+9}
   (You found it on level 6 of the Lair of Beasts)

   It has been specially enchanted to freeze those struck by it, causing extra
   injury to most foes and up to half again as much damage against particularly
   susceptible opponents.
   It can also slow down cold-blooded creatures.
   It greatly protects you from fire.
   It makes you vulnerable to cold.
   It insulates you from electricity.
   It affects your magic capacity (+9).
 S - the +7 dagger of Omal {pain, rPois rF+ MR+}
   (You found it on level 1 of the Lair of Beasts)

   In the hands of one skilled in necromantic magic, it inflicts extra damage on
   living creatures.
   It protects you from fire.
   It protects you from poison.
   It affects your resistance to hostile enchantments.
 W - the +2 trident of Bloody Death {protect, *Noise rPois rN++ Dex+10}
   (You found it on level 2 of the Lair of Beasts)

   It grants its wielder temporary protection when it strikes (+7 to AC).
   It affects your dexterity (+10).
   It protects you from poison.
   It greatly protects you from negative energy.
   It may make noises in combat.
Missiles
 m - 116 poisoned darts (quivered)
 Q - 20 curare-tipped darts
Armour
 e - a +0 troll leather armour (worn)
 z - a +0 pair of gloves (worn)
 D - a +2 pair of boots (worn)
 K - a scarf of resistance (worn)
 R - a +1 robe of cold resistance
 Z - a +2 helmet of see invisible (worn)
Jewellery
 a - an amulet of reflection (around neck)
 b - an uncursed ring of ice
 f - an uncursed ring of ice
 A - a +6 ring of strength (right hand)
 B - an uncursed ring of protection from magic
 G - an uncursed ring of fire
 J - a ring of poison resistance (left hand)
 L - an uncursed amulet of the acrobat
Wands
 i - a wand of disintegration (31)
 k - a wand of digging (22)
 l - a wand of polymorph (24)
 w - a wand of acid (15)
 H - a wand of iceblast (22)
 P - a wand of paralysis (13)
 X - a wand of random effects (15)
Scrolls
 d - 5 scrolls of enchant armour
 g - 5 scrolls of enchant weapon
 h - 8 scrolls of magic mapping
 j - 2 scrolls of blinking
 r - 12 scrolls of teleportation
 t - 2 scrolls of fog
 x - 11 scrolls of remove curse
 y - 3 scrolls of silence
 C - a scroll of fear
 E - a scroll of noise {unknown}
 F - 5 scrolls of identify
 U - a scroll of immolation
 Y - a scroll of summoning
Potions
 n - 3 potions of mutation
 o - a potion of ambrosia
 p - 7 potions of curing
 q - 3 potions of flight
 s - 3 potions of magic
 u - 6 potions of brilliance
 v - 6 potions of stabbing
 I - 3 potions of might
 M - a potion of cancellation {unknown}
 T - 4 potions of haste
Miscellaneous
 N - a condenser vane (2/2)


   Skills:
 + Level 9.8 Fighting
 + Level 9.8 Short Blades
 + Level 9.8 Long Blades
 + Level 9.8 Axes
 + Level 9.8 Maces & Flails
 + Level 9.8 Polearms
 + Level 9.8 Staves
 + Level 9.8 Slings
 + Level 9.8 Bows
 + Level 9.8 Crossbows
 + Level 9.8 Throwing
 + Level 9.8 Armour
 + Level 10.7 Dodging
 + Level 10.6 Stealth
 + Level 9.8 Shields
 + Level 9.8 Unarmed Combat
 + Level 10.9 Spellcasting
 + Level 8.2 Conjurations
 + Level 8.2 Hexes
 + Level 10.8 Summonings
 + Level 8.2 Necromancy
 + Level 8.2 Translocations
 + Level 8.2 Transmutations
 + Level 8.2 Fire Magic
 + Level 8.2 Ice Magic
 + Level 8.2 Air Magic
 + Level 8.2 Earth Magic
 + Level 8.2 Poison Magic
 + Level 10.6 Invocations
 + Level 9.8 Evocations


You had 9 spell levels left.
You knew the following spells:

 Your Spells              Type           Power        Failure   Level
a - Summon Small Mammal   Summ           ####         1%          1
b - Call Imp              Summ           ######..     1%          2
c - Call Canine Familiar  Summ           ######..     1%          3
d - Summon Guardian Gole  Hex/Summ       ######..     1%          3
e - Summon Ice Beast      Ice/Summ       ######..     1%          4
f - Summon Lightning Spi  Summ/Air       ######..     1%          4
g - Sticky Flame          Conj/Fire      #####...     2%          4
h - Summon Forest         Summ/Tloc      ######....   3%          5

Your spell library contained the following spells:

 Spells                   Type           Power        Failure   Level
 Animate Skeleton         Necr           #####.       1%          1
 Apportation              Tloc           #####.       1%          1
 Beastly Appendage        Tmut           #####.       1%          1
 Foxfire                  Conj/Fire      ####         1%          1
 Pain                     Necr           ####         1%          1
 Sandblast                Erth           #####.       1%          1
 Blink                    Tloc           N/A          1%          2
 Ensorcelled Hibernation  Hex/Ice        #####.       1%          2
 Passwall                 Tmut/Erth      #####...     1%          2
 Slow                     Hex            #####...     1%          2
 Sublimation of Blood     Necr           #####.....   1%          2
 Wereblood                Tmut           #####...     1%          2
 Conjure Flame            Conj/Fire      #####...     1%          3
 Dazzling Flash           Conj/Hex       #####.       1%          3
 Gell's Gravitas          Tloc           #####.....   1%          3
 Inner Flame              Hex/Fire       #####...     1%          3
 Lesser Beckoning         Tloc           #####.....   1%          3
 Portal Projectile        Hex/Tloc       #####.       1%          3
 Spider Form              Tmut/Pois      #####.....   1%          3
 Static Discharge         Conj/Air       #####...     1%          3
 Stone Arrow              Conj/Erth      #####.       1%          3
 Teleport Other           Tloc           #####...     1%          3
 Tukima's Dance           Hex            #####...     1%          3
 Vampiric Draining        Necr           #####.....   1%          3
 Animate Dead             Necr           #####.....   2%          4
 Cause Fear               Hex            #####.....   2%          4
 Fulminant Prism          Conj/Hex       #####.....   2%          4
 Hailstorm                Conj/Ice       #####...     2%          4
 Ice Form                 Ice/Tmut       #####...     2%          4
 Leda's Liquefaction      Hex/Erth       #####.....   2%          4
 Passage of Golubria      Tloc           N/A          2%          4
 Petrify                  Tmut/Erth      #####...     2%          4
 Agony                    Necr           #####...     6%          5
 Alistair's Intoxication  Tmut/Pois      #####....    6%          5
 Blade Hands              Tmut           #####.....   6%          5
 Excruciating Wounds      Necr           #####.....   6%          5
 Fireball                 Conj/Fire      #####.....   6%          5
 Lee's Rapid Deconstruct  Erth           #####.....   6%          5
 Lightning Bolt           Conj/Air       #####.....   6%          5
 Metabolic Englaciation   Hex/Ice        #####.....   6%          5
 Silence                  Hex/Air        #####.....   6%          5
 Yara's Violent Unravell  Hex/Tmut       #####.....   6%          5
 Conjure Ball Lightning   Conj/Air       #####.....   32%         6
 Death Channel            Necr           #####.....   32%         6
 Invisibility             Hex            #####...     32%         6
 Simulacrum               Ice/Necr       #####.....   32%         6
 Statue Form              Tmut/Erth      #####....    32%         6
 Ignition                 Fire           #####.....   100%        8
 Necromutation            Tmut/Necr      #####.....   100%        8
 Shatter                  Erth           #####.....   100%        9
 Tornado                  Air            #####.....   100%        9


Dungeon Overview and Level Annotations

Branches:
Dungeon (15/15)            Temple (1/1) D:7            Lair (6/6) D:8
 Shoals (0/4) Lair:4       Spider (3/4) Lair:3        Slime (0/5) Lair:5
    Orc (2/2) D:10         Vaults (0/5) D:14         Depths (0/5) D:15
    Elf: Orc:2

Altars:
Cheibriados
Elyvilon
Fedhas
Gozag
Kikubaaqudgha
Makhleb
Nemelex Xobeh
Okawaru
Ru
Sif Muna
Vehumet
Wu Jian
Xom
Yredelemnul
Zin
The Shining One
Beogh

Shops:
D:7 :[   D:8 }*

Annotations:
Spider:3 Arachne
Orc:2 Saint Roka


Innate Abilities, Weirdness & Mutations

Your experience applies equally to all skills.
You have very sharp teeth.
Your uncanny sense of smell can sniff out nearby items.


Message History

The boulder beetle waves its antennae.
Your warg bites the boulder beetle.
Your ice beast hits the boulder beetle but does no damage.
The boulder beetle bites you.
* * * LOW HITPOINT WARNING * * *
You hit the boulder beetle but do no damage.
The boulder beetle is heavily wounded.
The redback bites you.
* * * LOW HITPOINT WARNING * * *
Your warg bites the boulder beetle but does no damage.
Your ice beast hits the boulder beetle but does no damage. x2
The orb spider weaves a glowing orb of energy.
The boulder beetle blinks!
The redback completely misses you.
An orb of destruction comes into view.
The redback completely misses you. The redback misses you.
Casting: Call Canine Familiar (safe; 1% risk of failure)
Confirm with . or Enter, or press ? or * to list all spells.
A chill wind blows around you.
You feel less invigorated. The orb of destruction hits you!!!
You die...

###############
#..Y.@○○☼s.....
#....##s.Y#Y....#
..#.^#. #...h.#.#....
..... #...†Y#.# #).
#.#.....#?.#...8s....
##...^.....##^..##..#.
##≈...#.#...#..... ..
#≈≈....#^#....#B...
#≈≈≈.......###)..^#.


You could see a boulder beetle, an orb spider, a redback, a friendly warg
(summoned), 4 friendly ice beasts and a friendly lightning spire (summoned).

Vanquished Creatures
  An entropy weaver (Spider:2)
  Fannar (Lair:1)
  A boulder beetle (D:13)
  A two-headed ogre (D:15)
  7 wolf spiders
  An orb spider (Spider:1)
  A manticore (D:14)
  A centaur zombie (D:13)
  2 centaur skeletons (D:12)
  2 rime drakes
  3 cane toads
  3 komodo dragons
  2 demonic crawlers
  2 meliai (D:15)
  9 jumping spiders
  2 slime creatures (D:15)
  2 wraiths (D:14)
  11 redbacks
  A tarantella (Spider:2)
  2 shadows
  A yak (Lair:6)
  A vampire mosquito (D:15)
  A water moccasin (Lair:4)
  A sky beast (D:7)
  A phantom (D:14)
  A black bear (D:9)
  An orc warrior (Orc:1)
  2 centaurs
  A wolf (Lair:3)
  A necrophage (D:14)
  3 ogres
  A big kobold (D:11)
  6 bullfrogs
  A troll zombie (D:14)
  2 killer bees
  4 human zombies (D:14)
  5 hounds
  An orc wizard (D:11)
  A gnoll shaman (D:6)
  An ogre zombie (D:14)
  An ogre skeleton (D:14)
  3 mummies (D:14)
  An adder (D:3)
  An adder skeleton (D:4)
  A worm (D:3)
  A leopard gecko (D:3)
  9 orcs
  2 giant cockroaches (D:4)
  4 hobgoblins
  9 kobolds
  3 quokkas
  2 bats
  A frilled lizard (D:4)
  A leopard gecko zombie (D:7)
  2 rats (D:3)
132 creatures vanquished.

Vanquished Creatures (collateral kills)
  Gastronok (D:9)
  Kirke (Lair:4)
  An emperor scorpion (Spider:2)
  A fire dragon (D:15)
  An ice dragon (D:15)
  A vault guard (D:14)
  5 hydras
  Erica (D:10)
  2 boulder beetles
  3 centaur warriors
  2 ogre magi (D:15)
  4 catoblepae
  12 two-headed ogres
  5 death yaks (Lair:6)
  Urug (D:13)
  Sonja (D:13)
  A tengu warrior (D:15)
  A lindwurm (Lair:6)
  An orc knight (D:15)
  7 orb spiders
  11 wolf spiders
  4 ugly things (D:15)
  3 cyclopes
  3 oklob plants (Lair:3)
  A deep elf mage (D:13)
  2 manticores (Lair:6)
  10 elephants (Lair:6)
  3 black mambas
  Joseph (D:7)
  A centaur zombie (D:10)
  A merfolk siren (Lair:4)
  16 cane toads
  11 komodo dragons
  An efreet (D:12)
  4 rime drakes
  2 demonic crawlers
  2 tengu conjurers (D:15)
  A freezing wraith (D:15)
  A yaktaur (D:15)
  A meliai (D:15)
  2 polar bears
  14 jumping spiders
  2 trolls
  5 hornets
  3 slime creatures (D:15)
  9 blink frogs
  A meliai zombie (D:13)
  14 tarantellas
  37 redbacks
  2 shadows
  A wyvern (Lair:3)
  A wraith (D:15)
  Sigmund (D:3)
  3 basilisks
  4 hogs (Lair:4)
  60 yaks
  2 vampire mosquitoes (D:15)
  An acid dragon (D:12)
  2 nameless horrors
  A soldier ant (D:11)
  22 water moccasins
  A sky beast (D:10)
  6 orc warriors
  4 necrophages
  An ice beast (D:13)
  An eye of draining (D:8)
  2 phantoms (D:8)
  16 centaurs
  A black bear (Lair:1)
  11 ogres
  5 wolves
  A big kobold (D:12)
  12 bullfrogs
  A water moccasin zombie (D:6)
  7 scorpions
  A water moccasin skeleton (D:7)
  18 killer bees
  7 howler monkeys
  A quasit (D:9)
  4 hounds
  5 jellies
  A bullfrog skeleton (D:10)
  3 bullfrog zombies
  9 orc priests
  13 orc wizards
  7 worker ants
  2 iguanas
  A hound zombie (D:10)
  A worker ant zombie (D:9)
  3 gnolls (D:6)
  11 adders
  A shadow imp (D:7)
  2 white imps
  An ufetubus (D:10)
  5 oozes
  An adder skeleton (D:8)
  4 worms
  4 dart slugs
  4 leopard geckos
  50 orcs
  3 giant cockroaches
  6 goblins
  3 hobgoblins
  2 jackals (D:3)
  A quokka (D:2)
  A ball python (D:1)
  5 bats
  A frilled lizard (D:2)
  A jackal skeleton (D:4)
  A jackal zombie (D:7)
  5 kobolds
  A leopard gecko skeleton (D:8)
  9 rats
585 creatures vanquished.

Vanquished Creatures (others)
  2 death yaks (Lair:6)
  3 yaks
  An orc wizard (Orc:2)
  23 fungi
  64 plants
  10 snaplasher vines
103 creatures vanquished.

Grand Total: 820 creatures vanquished

Notes
Turn   | Place    | Note
-------+----------+-------------------------------------------
     0 | D:1      | robertstho the Gnoll Summoner began the quest for the Orb.
     0 | D:1      | Reached XP level 1. HP: 13/13 MP: 6/6
   331 | D:1      | Reached XP level 2. HP: 17/19 MP: 3/7
  1207 | D:2      | Reached skill level 5 in Spellcasting
  1207 | D:2      | Reached XP level 3. HP: 19/25 MP: 5/9
  1423 | D:2      | Learned a level 2 spell: Call Imp
  1427 | D:2      | Learned a level 3 spell: Call Canine Familiar
  1530 | D:2      | Found a glowing golden altar of the Shining One.
  1532 | D:2      | Noticed an angel
  1543 | D:2      | Found a basalt altar of Yredelemnul.
  1800 | D:2      | Reached skill level 1 in Invocations
  2313 | D:3      | Reached skill level 1 in Fighting
  2313 | D:3      | Reached skill level 1 in Short Blades
  2313 | D:3      | Reached skill level 1 in Long Blades
  2313 | D:3      | Reached skill level 1 in Axes
  2313 | D:3      | Reached skill level 1 in Maces & Flails
  2313 | D:3      | Reached skill level 1 in Polearms
  2313 | D:3      | Reached skill level 1 in Staves
  2313 | D:3      | Reached skill level 1 in Slings
  2313 | D:3      | Reached skill level 1 in Bows
  2313 | D:3      | Reached skill level 1 in Crossbows
  2313 | D:3      | Reached skill level 1 in Throwing
  2313 | D:3      | Reached skill level 1 in Armour
  2313 | D:3      | Reached skill level 1 in Shields
  2313 | D:3      | Reached skill level 1 in Unarmed Combat
  2313 | D:3      | Reached skill level 1 in Evocations
  2378 | D:3      | Noticed Sigmund
  2391 | D:3      | Killed Sigmund
  2391 | D:3      | Reached skill level 1 in Conjurations
  2391 | D:3      | Reached skill level 1 in Hexes
  2391 | D:3      | Reached skill level 1 in Necromancy
  2391 | D:3      | Reached skill level 1 in Translocations
  2391 | D:3      | Reached skill level 1 in Transmutations
  2391 | D:3      | Reached skill level 1 in Fire Magic
  2391 | D:3      | Reached skill level 1 in Ice Magic
  2391 | D:3      | Reached skill level 1 in Air Magic
  2391 | D:3      | Reached skill level 1 in Earth Magic
  2391 | D:3      | Reached skill level 1 in Poison Magic
  2391 | D:3      | Reached XP level 4. HP: 26/32 MP: 7/11
  2391 | D:3      | Reached XP level 5. HP: 31/37 MP: 7/12
  3961 | D:4      | Noticed an ogre
  3986 | D:4      | Killed an ogre
  3986 | D:4      | Reached XP level 6. HP: 44/44 MP: 4/13
  4626 | D:5      | Entered Level 5 of the Dungeon
  4689 | D:5      | Reached skill level 5 in Dodging
  5357 | D:6      | Learned a level 3 spell: Summon Guardian Golem
  5362 | D:6      | Learned a level 4 spell: Summon Ice Beast
  5566 | D:6      | Reached XP level 7. HP: 44/50 MP: 7/15
  5817 | D:6      | Found a burning altar of Makhleb.
  5817 | D:6      | Found an ornate altar of the Wu Jian Council.
  5820 | D:6      | Found a sparkling altar of Nemelex Xobeh.
  5953 | D:6      | Reached skill level 5 in Stealth
  6200 | D:6      | Found a radiant altar of Vehumet.
  6202 | D:6      | Found a snail-covered altar of Cheibriados.
  6500 | D:7      | Found Xozieret's Magic Scroll Boutique.
  6609 | D:7      | Bought a scroll of silence for 105 gold pieces
  6609 | D:7      | Bought a scroll of identify for 28 gold pieces
  6609 | D:7      | Bought a scroll of identify for 28 gold pieces
  6609 | D:7      | Bought a scroll of fear for 49 gold pieces
  6609 | D:7      | Bought a scroll of silence for 105 gold pieces
  6609 | D:7      | Bought a scroll of random uselessness for 14 gold pieces
  6624 | D:7      | Noticed Joseph
  6991 | D:7      | Reached XP level 8. HP: 57/57 MP: 5/16
  7071 | D:7      | Found a staircase to the Ecumenical Temple.
  7078 | Temple   | Entered the Ecumenical Temple
  7221 | Temple   | Became a worshipper of Sif Muna the Loreminder
  7308 | D:7      | Learned a level 4 spell: Summon Lightning Spire
  7347 | D:7      | Killed Joseph
  7460 | D:7      | Found Peabb's Antique Armour Shoppe.
  7496 | D:7      | Found Memesoul's Book Emporium.
  7969 | D:8      | Found Leamom's Changing Room.
  8133 | D:8      | Found a staircase to the Lair.
  8721 | D:8      | Reached XP level 9. HP: 56/65 MP: 6/18
  8739 | D:8      | Found Manirum's Gadget Emporium.
  8743 | D:8      | Reached * piety under Sif Muna
  9453 | D:9      | Noticed Gastronok
  9461 | D:9      | HP: 3/65 [Gastronok/the air (31)]
  9467 | D:9      | Killed Gastronok
  9835 | D:9      | Reached skill level 5 in Invocations
 10143 | D:9      | Noticed a two-headed ogre
 10316 | D:9      | Killed a two-headed ogre
 10316 | D:9      | Reached XP level 10. HP: 73/73 MP: 4/20
 10558 | D:10     | Entered Level 10 of the Dungeon
 10981 | D:10     | Found a staircase to the Orcish Mines.
 11022 | D:10     | Reached skill level 5 in Fighting
 11022 | D:10     | Reached skill level 5 in Short Blades
 11022 | D:10     | Reached skill level 5 in Long Blades
 11022 | D:10     | Reached skill level 5 in Axes
 11022 | D:10     | Reached skill level 5 in Maces & Flails
 11022 | D:10     | Reached skill level 5 in Polearms
 11022 | D:10     | Reached skill level 5 in Staves
 11022 | D:10     | Reached skill level 5 in Slings
 11022 | D:10     | Reached skill level 5 in Bows
 11022 | D:10     | Reached skill level 5 in Crossbows
 11022 | D:10     | Reached skill level 5 in Throwing
 11022 | D:10     | Reached skill level 5 in Armour
 11022 | D:10     | Reached skill level 5 in Shields
 11022 | D:10     | Reached skill level 5 in Unarmed Combat
 11022 | D:10     | Reached skill level 5 in Evocations
 11061 | D:10     | Reached ** piety under Sif Muna
 11290 | D:10     | Noticed Erica
 11302 | D:10     | Killed Erica
 11425 | D:10     | Noticed a two-headed ogre
 11432 | D:10     | Killed a two-headed ogre
 13280 | D:12     | Noticed a two-headed ogre
 13289 | D:11     | Reached *** piety under Sif Muna
 13303 | D:11     | Killed a two-headed ogre
 13503 | Lair:1   | Entered Level 1 of the Lair of Beasts
 13590 | Lair:1   | Noticed a cane toad
 13599 | Lair:1   | Killed a cane toad
 13599 | Lair:1   | Reached XP level 11. HP: 81/81 MP: 14/22
 13994 | Lair:1   | Reached skill level 5 in Conjurations
 13994 | Lair:1   | Reached skill level 5 in Hexes
 13994 | Lair:1   | Reached skill level 5 in Necromancy
 13994 | Lair:1   | Reached skill level 5 in Translocations
 13994 | Lair:1   | Reached skill level 5 in Transmutations
 13994 | Lair:1   | Reached skill level 5 in Fire Magic
 13994 | Lair:1   | Reached skill level 5 in Ice Magic
 13994 | Lair:1   | Reached skill level 5 in Air Magic
 13994 | Lair:1   | Reached skill level 5 in Earth Magic
 13994 | Lair:1   | Reached skill level 5 in Poison Magic
 14192 | Lair:1   | Noticed Fannar
 14225 | Lair:1   | Killed Fannar
 14588 | Lair:1   | Got a smoking dagger
 14588 | Lair:1   | Identified the +7 dagger of Omal {pain, rPois rF+ MR+} (You
                  | found it on level 1 of the Lair of Beasts)
 15460 | Lair:2   | Noticed a seven-headed hydra
 15467 | Lair:2   | Killed a seven-headed hydra
 15698 | Lair:2   | Noticed a boulder beetle
 15712 | Lair:2   | Killed a boulder beetle
 16750 | Lair:2   | Got a slimy trident
 16750 | Lair:2   | Identified the cursed +2 trident of Bloody Death {protect,
                  | *Noise rPois rN++ Dex+10} (You found it on level 2 of the
                  | Lair of Beasts)
 16800 | Lair:3   | Reached XP level 12. HP: 89/89 MP: 19/24
 17310 | Lair:3   | Reached **** piety under Sif Muna
 17495 | Lair:3   | Found a hole to the Spider Nest.
 17572 | Lair:3   | Identified Xexewikhi's Compendium of Warped Evil
 17581 | Lair:3   | Got a shimmering rapier
 18073 | Lair:4   | Noticed a seven-headed hydra
 18080 | Lair:4   | Killed a seven-headed hydra
 18139 | Lair:4   | Noticed Kirke
 18174 | Lair:4   | Noticed a sphinx
 18306 | Lair:4   | Learned a level 4 spell: Sticky Flame
 18312 | Lair:4   | Learned a level 5 spell: Summon Forest
 18482 | Lair:4   | Killed Kirke
 18704 | Lair:4   | Identified the cursed +0 rapier of Past Mistakes
                  | {antimagic, rC++ Int+6} (You found it on level 3 of the
                  | Lair of Beasts)
 18836 | Lair:4   | Found a staircase to the Shoals.
 19484 | Lair:5   | Noticed a four-headed hydra
 19492 | Lair:5   | Killed a four-headed hydra
 20172 | Lair:5   | Found a staircase to the Slime Pits.
 20296 | Lair:6   | Entered Level 6 of the Lair of Beasts
 20330 | Lair:6   | Noticed a death yak
 20351 | Lair:6   | Killed a death yak
 20472 | Lair:6   | Noticed a catoblepas
 20486 | Lair:6   | Killed a catoblepas
 20601 | Lair:6   | Reached XP level 13. HP: 87/98 MP: 6/26
 21055 | Lair:6   | Reached ***** piety under Sif Muna
 21873 | Lair:6   | Received a gift from Sif Muna
 22685 | Lair:6   | Reached skill level 10 in Summonings
 22927 | Lair:6   | Got a fine scythe
 22927 | Lair:6   | Identified the +7 scythe "Cadghity" {freeze, rElec rF++ rC-
                  | MP+9} (You found it on level 6 of the Lair of Beasts)
 23229 | Orc:1    | Entered Level 1 of the Orcish Mines
 23452 | Orc:2    | Entered Level 2 of the Orcish Mines
 23452 | Orc:2    | Found a roughly hewn altar of Beogh.
 23452 | Orc:2    | Noticed Saint Roka
 23697 | Spider:1 | Entered Level 1 of the Spider Nest
 24411 | D:7      | Bought a scroll of acquirement for 728 gold pieces
 24411 | D:7      | Bought a scroll of identify for 28 gold pieces
 24414 | D:7      | Acquired 1008 gold pieces
 24416 | D:7      | Acquired the Disquisition on Congealing Black Rites
 24697 | D:12     | Reached skill level 10 in Spellcasting
 24916 | D:12     | Received a gift from Sif Muna
 25787 | D:13     | Noticed Urug
 25801 | D:13     | Killed Urug
 26157 | D:13     | Noticed Sonja
 26161 | D:13     | Killed Sonja
 26161 | D:13     | Reached XP level 14. HP: 99/106 MP: 28/28
 26643 | D:14     | Found the cursed +14 obsidian axe {vorpal, +Fly SInv
                  | *Curse}
 26652 | D:14     | Reached skill level 10 in Dodging
 26808 | D:14     | Found a gate to the Vaults.
 27317 | D:14     | Found a basalt altar of Yredelemnul.
 27491 | D:15     | Entered Level 15 of the Dungeon
 27825 | D:15     | Reached skill level 10 in Stealth
 27910 | D:15     | Identified Sif Muna's Disquisition on Moulding and Hexes
                  | (Sif Muna gifted it to you on level 15 of the Dungeon)
 27910 | D:15     | Received a gift from Sif Muna
 28113 | D:15     | Reached skill level 10 in Invocations
 28870 | D:15     | Found a staircase to the Depths.
 29508 | Spider:1 | Acquired a +1 helmet of see invisible
 29535 | Spider:1 | Paralysed by a hornet for 1 turns
 31020 | Spider:2 | Identified Sif Muna's Volume of Entrancing Snow (Sif Muna
                  | gifted it to you on level 2 of the Spider Nest)
 31020 | Spider:2 | Received a gift from Sif Muna
 31173 | Spider:2 | Upgraded the game from 0.26-a0-661-g406de6ba63 to
                  | 0.26-a0-662-g8b9c6dab81
 31334 | Spider:2 | Noticed an emperor scorpion
 31349 | Spider:2 | Killed an emperor scorpion
 31759 | Spider:2 | Reached XP level 15. HP: 115/115 MP: 5/29
 33233 | Spider:3 | Noticed Arachne
 33272 | Spider:3 | Blown up by an orb spider

Illustrated notes

Levels and vault maps discovered:
D:1:      erik_arrival_blinker_ship, layout_basic, corexii_hall_statues_x,
          hangedman_abyss_or_decor_lesser_grid, minmay_octomino_c4
D:2:      layout_loops_ring, grunt_temple_overflow_holy_war, kennysheep_potato
D:3:      layout_basic, uniq_sigmund
D:4:      layout_basic
D:5:      layout_loops_ring
D:6:      layout_cave_pools, nicolae_overflow_hidden_temple
D:7:      layout_cave_pools, minmay_temple_entry_arrows, serial_shops,
          nicolae_shop_crystal, kennysheep_little_box,
          nicolae_shop_competitors_out_of_business, uniq_joseph
D:8:      layout_loops_cross, lair_entry_dummy, serial_shops, shop,
          nicolae_transmutations_shop
D:9:      layout_basic, hangedman_decor_push, uniq_gastronok
D:10:     layout_grid_maze, erik_orc_3, uniq_erica
D:11:     layout_roguey, minmay_misc_feat_five
D:12:     layout_rooms
D:13:     layout_long_grid, uniq_sonja, uniq_urug
D:14:     layout_gridville, david_vaults_5, lemuel_mausoleum_altar_yredelemnul
D:15:     grunt_enter_depths_hoard, layout_basic, serial_park_tiny_2
Temple:   regret_index_temple_generic_petals
Lair:1:   layout_layer_cave, beast_lair_carwin_7, lemuel_fruit_tree, uniq_fannar
Lair:2:   layout_misc_corridors, infiniplex_staircase_pool_2, grunt_megastairs_5
Lair:3:   layout_long_grid, spider_nest_entry_a, minmay_lair_oklob_chamber
Lair:4:   layout_gridlike, minmay_shoals_entry_lonely_mermaid, uniq_kirke
Lair:5:   layout_loops_ring, nicolae_slime_entry_slimehenge, st_stairs_7,
          roderic_carrion_pond
Lair:6:   evilmike_catoblepas_cave, layout_cave_shapes,
          chequers_serial_rivers_small_a, grunt_megastairs_2
Spider:1: layout_chambers
Spider:2: layout_chambers, hangedman_spider_trapstep
Spider:3: layout_spider_delve, gammafunk_ghost_abyssal_escape, uniq_arachne
Orc:1:    layout_diamond_mine, rock_pile
Orc:2:    st_orc_ogre_mass, layout_caves, serial_shops,
          nicolae_shop_competitors_out_of_business, basic_altar,
          uniq_saint_roka, uniq_josephine

Skill      XL: |  1  2  3  4  5  6  7  8  9 10 11 12 13 14 |
---------------+-------------------------------------------+-----
Spellcasting   | 5 6 7 8 9 10 | 10.9
Invocations    | 1 2 3 4 5 6 7 8 9 10 | 10.6
Fighting       | 1 2 3 4 5 6 7 8 9 |  9.8
Short Blades   | 1 2 3 4 5 6 7 8 9 |  9.8
Long Blades    | 1 2 3 4 5 6 7 8 9 |  9.8
Axes           | 1 2 3 4 5 6 7 8 9 |  9.8
Maces & Flails | 1 2 3 4 5 6 7 8 9 |  9.8
Polearms       | 1 2 3 4 5 6 7 8 9 |  9.8
Staves         | 1 2 3 4 5 6 7 8 9 |  9.8
Slings         | 1 2 3 4 5 6 7 8 9 |  9.8
Bows           | 1 2 3 4 5 6 7 8 9 |  9.8
Crossbows      | 1 2 3 4 5 6 7 8 9 |  9.8
Throwing       | 1 2 3 4 5 6 7 8 9 |  9.8
Armour         | 1 2 3 4 5 6 7 8 9 |  9.8
Shields        | 1 2 3 4 5 6 7 8 9 |  9.8
Unarmed Combat | 1 2 3 4 5 6 7 8 9 |  9.8
Evocations     | 1 2 3 4 5 6 7 8 9 |  9.8
Conjurations   | 1 2 3 4 5 6 7 8 |  8.2
Hexes          | 1 2 3 4 5 6 7 8 |  8.2
Necromancy     | 1 2 3 4 5 6 7 8 |  8.2
Translocations | 1 2 3 4 5 6 7 8 |  8.2
Transmutations | 1 2 3 4 5 6 7 8 |  8.2
Fire Magic     | 1 2 3 4 5 6 7 8 |  8.2
Ice Magic      | 1 2 3 4 5 6 7 8 |  8.2
Air Magic      | 1 2 3 4 5 6 7 8 |  8.2
Earth Magic    | 1 2 3 4 5 6 7 8 |  8.2
Poison Magic   | 1 2 3 4 5 6 7 8 |  8.2
Dodging        | 5 6 7 8 9 10 | 10.7
Stealth        | 5 6 7 8 9 10 | 10.6
Summonings     | 8 9 10 | 10.8

Action                   |  1- 3 |  4- 6 |  7- 9 | 10-12 | 13-15 || total
-------------------------+-------+-------+-------+-------+-------++-------
Melee: Unarmed           |    13 |       |       |       |       ||    13
       Bite              |     3 |     8 |    19 |    23 |    34 ||    87
       Dagger            |    25 |    23 |    25 |    32 |       ||   105
       Hand axe          |       |    65 |       |       |       ||    65
       Falchion          |       |     7 |    36 |       |       ||    43
       Punch             |       |       |     2 |     6 |     1 ||     9
       Trident           |       |       |       |   134 |    21 ||   155
       Scythe            |       |       |       |       |   234 ||   234
 Cast: Summon Small Mamm |    42 |     2 |       |       |       ||    44
       Call Imp          |    15 |    23 |    49 |       |       ||    87
       Call Canine Famil |     6 |    14 |    32 |    37 |    55 ||   144
       Summon Guardian G |       |     2 |     9 |     8 |     5 ||    24
       Summon Ice Beast  |       |       |    24 |   154 |   198 ||   376
       Summon Lightning  |       |       |     2 |    92 |   104 ||   198
       Summon Forest     |       |       |       |    10 |    46 ||    56
       Sticky Flame      |       |       |       |     4 |     1 ||     5
Invok: Channel Magic     |       |       |     2 |    14 |     5 ||    21
Evoke: Wand              |       |       |       |       |     1 ||     1
  Use: Scroll            |       |     8 |     7 |     9 |    13 ||    37
       Potion            |       |     1 |     3 |     5 |     3 ||    12
 Stab: Distracted        |     1 |     1 |     2 |     9 |    14 ||    27
       Sleeping          |       |     7 |     1 |     2 |    14 ||    24
Armor: Robe              |     8 |    14 |    21 |     2 |       ||    45
       Troll leather arm |       |       |       |    49 |   162 ||   211
Dodge: Dodged            |    34 |    70 |    94 |   200 |   483 ||   881
Block: Other             |       |       |       |    23 |   129 ||   152
       Reflection        |       |       |       |       |     5 ||     5
       Rpst.: Falchion   |       |     1 |    21 |       |       ||    22

Table legend: (Time is in decaauts)
 A = Elapsed time spent in this place.
 B = Non-inter-level travel time spent in this place.
 C = Inter-level travel time spent in this place.
 D = Time resting spent in this place.
 E = Time spent auto-exploring this place.
 F = Levels seen in this place.
 G = Mean time per level.
                   A        B        C        D        E       F      G
               +--------+--------+--------+--------+--------+-----+--------+
         Total |  33451 |  31803 |   1648 |   3008 |  22776 |  27 | 1238.9 |
       Dungeon |  18603 |  17554 |   1049 |   1365 |  12671 |  15 | 1240.2 |
        Temple |    175 |    118 |     57 |      0 |    117 |   1 |  175.0 |
          Lair |   9876 |   9427 |    449 |   1123 |   6645 |   6 | 1646.0 |
   Spider Nest |   4486 |   4412 |     74 |    466 |   3156 |   3 | 1495.3 |
  Orcish Mines |    309 |    291 |     18 |     54 |    187 |   2 |  154.5 |
               +--------+--------+--------+--------+--------+-----+--------+

Top non-repeatable levels by time:
  Lair:6: 2786 daAuts
Spider:2: 2269 daAuts
Spider:1: 2170 daAuts
    D:10: 1847 daAuts
  Lair:1: 1840 daAuts
    D:15: 1766 daAuts
  Lair:2: 1564 daAuts
     D:8: 1502 daAuts
  Lair:3: 1445 daAuts
  Lair:4: 1418 daAuts
     D:9: 1407 daAuts
    D:13: 1270 daAuts
     D:7: 1222 daAuts
     D:4: 1200 daAuts
     D:6: 1179 daAuts
